 Dungeon Crawl Stone Soup version 0.28.0-45-g0d030f2227 (webtiles) character file.

Game seed: 9526902026847745859

1 GigaChad the Insei (level 1, 0/17 HPs)
             Began as a Djinni Transmuter on Apr 14, 2022.
             Slain by a kobold
             ... wielding a +0 club
              (2 damage)
             ... on level 1 of the Dungeon.
             The game lasted 00:00:16 (77 turns).

GigaChad the Insei (Djinni Transmuter)                Turns: 77, Time: 00:00:16

Health: 0/17       AC:  2    Str:  9    XL:     1   Next: 22%
Gold:   0          EV: 12    Int: 14    God:
                   SH:  0    Dex: 13

rFire   + + .      SeeInvis .     - Unarmed
rCold   x . .      Faith    .   (no shield)
rNeg    . . .      Spirit   .   a - +0 robe
rPois   ∞          Reflect  .   (no helmet)
rElec   .          Harm     .   (no cloak)
rCorr   .          Rampage  .   (no gloves)
Will    .....                   (boots unavailable)
Stlth   +.........              (no amulet)
HPRegen 0.05/turn               (no ring)
MPRegen 0.00/turn               (no ring)

@: flying
A: sickness immunity, fire resistance 2, cold vulnerability 1, float, innate
caster, HP casting, extra vitality 1
a: no special abilities


You were on level 1 of the Dungeon.
You visited 1 branch of the dungeon, and saw 1 of its levels.

Inventory:

Armour
 a - a +0 robe (worn)


   Skills:
 + Level 1.0 Fighting
 + Level 2.2 Dodging
 + Level 3.0 Unarmed Combat
 + Level 1.5 Spellcasting


You couldn't memorise any spells.
You knew the following spells:

 Your Spells              Type           Power      Damage    Failure   Level
a - Beastly Appendage     Tmut           10%        N/A       13%         1
b - Wereblood             Tmut           5%         N/A       21%         2
c - Spider Form           Tmut/Pois      5%         N/A       36%         3
d - Ice Form              Ice/Tmut       5%         N/A       78%         4
Your spell library was empty.

Dungeon Overview and Level Annotations

Branches:
Dungeon (1/15)

Altars:


Innate Abilities, Weirdness & Mutations

You are immune to sickness and miasma.
You are immune to poison.
Your flesh is very heat resistant. (rF++)
You are vulnerable to cold. (rC-)
You float through the air rather than walking.
You learn spells naturally, not from books.
Your magical power is your life essence.
You have superior vitality. (+4 MHP)


Message History

There is a stone staircase leading down here.
There is an open door here.
A bat comes into view.
The bat barely misses you. The bat misses you. The bat barely misses you.
The bat misses you. The bat barely misses you.
You hit the bat.
You kill the bat!
Found a stone staircase leading down.
A rat comes into view.
The rat bites you.
You hit the rat.
You kill the rat!
A bat comes into view.
Found a scroll labelled WEL HOMAUMNU. 2 jackals and a kobold come into view.
The jackal barks! x2; The kobold shouts!
You hear a bark!
A jackal comes into view.
The jackal moves out of view.
The bat hits you.
You closely miss the bat. The bat hits you. The jackal bites you.
The jackal barely misses you. The bat barely misses you.
The jackal bites you but does no damage.
The jackal bites you.
You closely miss the bat. The bat barely misses you. The jackal bites you.
The kobold closely misses you.
The jackal bites you but does no damage.
The jackal closely misses you. The bat hits you but does no damage.
The bat closely misses you. The kobold hits you with a +0 club.
You closely miss the bat. The bat closely misses you.
The bat hits you but does no damage. The jackal bites you.
* * * LOW HITPOINT WARNING * * *
The kobold barely misses you. The jackal barely misses you.
The jackal bites you.
* * * LOW HITPOINT WARNING * * *
You hit the bat.
You kill the bat!
The kobold hits you with a +0 club.
You die...

#.### #.#.. #.#.# #.#.#
#.#.# #.#.#
##############.#.####.##
..............hh@†.?....
##############.#Kh....#.
..........#
#.........#.#
#.#.......# #
#.#.......# # #.#####.#
#. .#


You could see 3 jackals and a kobold.

Vanquished Creatures
  2 bats (D:1)
  A rat (D:1)
3 creatures vanquished.

Notes
Turn   | Place    | Note
-------+----------+-------------------------------------------
     0 | D:1      | GigaChad the Djinni Transmuter began the quest for the Orb.
     0 | D:1      | Reached XP level 1. HP: 17/17 MP: 0/0
    77 | D:1      | Slain by a kobold

Illustrated notes

Levels and vault maps discovered:
D:1:      elethiomel_arrival_shortcut, layout_basic,
          hellmonk_ecumenical_altar_watching_god

Action                   || total
-------------------------++-------
Melee: Unarmed           ||     6
Armor: Robe              ||     4
Dodge: Dodged            ||    14
